Map: Ephemeron LE

Players

TheoRy

  • Race: Protoss Protoss
  • Spawn Location: 11:00

TurkeyDano - Winner!

  • Race: Protoss Protoss
  • Spawn Location: 5:00

VOD

Have the link to the VOD?

Description

Time

  • Played on: Sept. 6, 2019, 2:32 p.m.
  • Length: 3:46
Show
View Real Time Build Order
Export as new Build Order

TheoRy Protoss 

Build Orders:  

Get SALT Encoding   

  13  0:09  Pylon  
  13  0:13  Probe  
  13  0:27  Gateway, Probe  
  13  0:35  Probe  
  15  0:45  Probe  
  15  0:48  Assimilator  
  16  0:57  Probe  
  17  1:09  Probe  
  18  1:14  Cybernetics Core, Zealot  
  18  1:16  Pylon  
  20  1:28  Probe  
  21  1:50  Robotics Facility  
  21  1:52  Shield Battery  
  21  2:03  Stalker  
  23  2:17  Shield Battery  
  23  2:18  Shield Battery  
  23  2:31  Pylon  
  23  2:44  Shield Battery x2  
  21  2:59  Immortal  
  22  3:14  Shield Battery  
Show
View Real Time Build Order
Export as new Build Order

TurkeyDano Protoss - Winner!

Build Orders: Cannon Rush 

Get SALT Encoding   

  1  0:00  Probe  
  12  0:04  Probe  
  14  0:16  Pylon  
  14  0:21  Probe  
  15  0:34  Probe  
  16  0:38  Forge  
  16  0:52  Pylon  
  16  0:58  Pylon  
  16  1:00  Pylon  
  16  1:11  Photon Cannon  
  16  1:13  Gateway  
  16  1:19  Pylon  
  16  1:28  Pylon  
  16  1:37  Photon Cannon  
  16  1:57  Probe  
  16  1:59  Photon Cannon  
  16  2:00  Photon Cannon  
  17  2:07  Photon Cannon  
  17  2:11  Photon Cannon  
  16  2:16  Photon Cannon  
  16  2:28  Photon Cannon  
  16  2:37  Photon Cannon  
  16  2:48  Photon Cannon  
  16  2:59  Photon Cannon  
  16  3:10  Photon Cannon  
  16  3:14  Zealot  
  16  3:18  Assimilator  
  18  3:33  Probe  
  19  3:35  Assimilator  
Tags
 
Add a new tag
Caveats
  • Supply blocks, unpowered buildings, or Contaminate may cause inaccurate times.
  • Supply counts are checked every 10 seconds.